[Event "Titled Tuesday Blitz May 9 Early 2023"]
[White "Seemann, Jakub"]
[Black "Omariev, Maksim"]
[WhiteFideId "21874697"]
[BlackFideId "4193423"]
[WhiteElo "2364"]
[BlackElo "2367"]
[Result "1-0"]
[Round "02"]
[TimeControl "180+2"]
[Date "2023.05.09"]
[WhiteClock "0:02:21"]
[BlackClock "0:00:00"]

1. c4 e5 2. Nc3 Nc6 3. Nf3 Nf6 4. e4 Bb4 5. d3 d6 6. Be2 Bg4 7. O-O h6 8. a3 Bc5 9. b4 Bxf3 10. Bxf3 Bd4 11. Bd2 Qd7 12. Rb1 a6 13. Ne2 Nh7 14. Nxd4 Nxd4 15. Be3 Ng5 16. Bxd4 exd4 17. Be2 c5 18. f4 Ne6 19. bxc5 Nxc5 20. Qd2 Qe7 21. Qb4 O-O 22. a4 a5 23. Qb5 f5 24. e5 dxe5 25. fxe5 Qxe5 26. Bf3 Qe3+ 27. Kh1 Nxd3 28. h3 Rae8 29. Qxb7 Kh8 30. Qd5 Nf2+ 31. Kh2 Qf4+ 32. Kg1 Qe3 33. Rxf2 d3 34. Rd1 Rd8 35. Qxa5 d2 36. Rxd2 Qe1+ 37. Kh2 Qe5+ 38. Qxe5 1-0


[Site "https://www.chess.com"]

[Event "Titled Tuesday Blitz May 9 Early 2023"]
[White "dodoucb"]
[Black "Berezin, Viktor"]
[BlackFideId "14107872"]
[WhiteElo "2361"]
[BlackElo "2310"]
[Result "0-1"]
[Round "02"]
[TimeControl "180+2"]
[Date "2023.05.09"]
[WhiteClock "0:00:00"]
[BlackClock "0:00:34"]

1. Nf3 Nf6 2. c4 g6 3. Nc3 Bg7 4. d4 O-O 5. e4 d6 6. Be2 Nc6 7. O-O e5 8. d5 Ne7 9. Ne1 Ne8 10. Nd3 f5 11. b4 f4 12. Bg4 g5 13. Bxc8 Qxc8 14. f3 h5 15. Nf2 Rf7 16. Bd2 Bf8 17. Rc1 Rg7 18. g3 Ng6 19. Kh1 a5 20. bxa5 Rxa5 21. a4 Ra8 22. Rg1 Be7 23. Qe2 Nf6 24. Nd3 b6 25. gxf4 gxf4 26. Rg2 Kh7 27. Rcg1 Qd7 28. Rg5 Rag8 29. Nf2 Nh4 30. Rxg7+ Rxg7 31. Rxg7+ Kxg7 32. Nb5 Nh7 33. a5 bxa5 34. Bxa5 Bd8 35. Nd3 Ng5 36. Ne1 Kh6 37. c5 dxc5 38. Bc3 Bf6 39. Ba5 Bd8 40. Bc3 Nf7 41. Nd3 Qh3 42. Bxe5 Nxe5 43. Nxe5 Bf6 44. Nd7 Qxd7 45. e5 Bg7 46. Nc3 Ng6 0-1


[Site "https://www.chess.com"]

[Event "Titled Tuesday Blitz May 9 Early 2023"]
[White "Shaik Sumer Arsh"]
[Black "Matveeva, Olga"]
[WhiteFideId "45020000"]
[BlackFideId "24107018"]
[WhiteElo "2350"]
[BlackElo "2009"]
[Result "1-0"]
[Round "02"]
[TimeControl "180+2"]
[Date "2023.05.09"]
[WhiteClock "0:00:32"]
[BlackClock "0:00:15"]

1. d4 Nf6 2. c4 d6 3. Nc3 e5 4. d5 g6 5. e4 Bg7 6. Nf3 O-O 7. Be2 Nbd7 8. O-O a5 9. Rb1 Nc5 10. Qc2 Ne8 11. Be3 b6 12. a3 f5 13. Bxc5 dxc5 14. b4 axb4 15. axb4 cxb4 16. Rxb4 Nd6 17. Nd2 Qe7 18. Rb2 fxe4 19. Ncxe4 Bf5 20. Bd3 Bh6 21. Nxd6 Qxd6 22. Ne4 Qa3 23. d6 cxd6 24. Rxb6 Bxe4 25. Bxe4 Be3 26. Rb3 Rxf2 27. Rxf2 Qa1+ 28. Rb1 Qd4 29. Bxa8 1-0


[Site "https://www.chess.com"]

[Event "Titled Tuesday Blitz May 9 Early 2023"]
[White "Frolyanov, Dmitry"]
[Black "Senft, Sean"]
[WhiteFideId "4151976"]
[BlackFideId "2044960"]
[WhiteElo "2395"]
[BlackElo "1989"]
[Result "1-0"]
[Round "02"]
[TimeControl "180+2"]
[Date "2023.05.09"]
[WhiteClock "0:00:14"]
[BlackClock "0:00:00"]

1. d4 d5 2. c4 c6 3. Nc3 Nf6 4. Nf3 a6 5. e3 Bf5 6. Ne5 Nbd7 7. Be2 g6 8. cxd5 cxd5 9. Qb3 Nb6 10. a4 Qc7 11. a5 Nbd7 12. Bd2 Nxe5 13. dxe5 Qxe5 14. Qxb7 Rb8 15. Qxa6 Bg7 16. Bb5+ Nd7 17. Qa7 O-O 18. Bxd7 Ra8 19. Qb7 d4 20. O-O dxc3 21. Bxc3 Qc5 22. Bxg7 Kxg7 23. Bxf5 gxf5 24. a6 Ra7 25. Qb3 Rfa8 26. Qd3 Qb6 27. Qxf5 Qxb2 28. Rfb1 Qc3 29. Qb5 Qf6 30. Ra4 Rxa6 31. Rf4 Qg6 32. h4 Qxb1+ 33. Qxb1 Ra1 34. Qxa1+ Rxa1+ 35. Kh2 Kg6 36. Rg4+ Kf6 37. Rb4 Ra2 38. Kg3 e6 39. Kf3 Ra1 40. g4 Rh1 41. g5+ Kg6 42. Rf4 h6 43. Rf6+ Kg7 44. Rxh6 Rh3+ 45. Kg2 1-0


[Site "https://www.chess.com"]

[Event "Titled Tuesday Blitz May 9 Early 2023"]
[White "Bruedigam, Martin"]
[Black "Real_taiatai"]
[WhiteFideId "24608033"]
[WhiteElo "2331"]
[BlackElo "2345"]
[Result "1-0"]
[Round "02"]
[TimeControl "180+2"]
[Date "2023.05.09"]
[WhiteClock "0:01:36"]
[BlackClock "0:01:15"]

1. d4 d5 2. c4 e6 3. Nc3 c6 4. cxd5 exd5 5. Bf4 Bd6 6. Bxd6 Qxd6 7. e3 Bf5 8. Nge2 Nd7 9. Ng3 Bg6 10. h4 h6 11. h5 Bh7 12. Bd3 Bxd3 13. Qxd3 Ne7 14. Nce2 Nf6 15. Nf4 O-O 16. O-O Rfe8 17. a3 a5 18. Rab1 Nc8 19. b4 axb4 20. axb4 Qd7 21. b5 Nd6 22. bxc6 bxc6 23. Rfc1 Nc4 24. Rb3 Reb8 25. Rxb8+ Rxb8 26. Qd1 Qb7 27. Nd3 Qb3 28. Qxb3 Rxb3 29. Ne5 Rb4 30. Nxc6 Rb2 31. Ne7+ Kh7 32. Nxd5 Nxd5 33. Rxc4 Nf6 34. f3 Re2 35. e4 Rb2 36. Rc7 Kg8 37. Kh2 Rb5 38. d5 Rb7 39. Rxb7 1-0


[Site "https://www.chess.com"]

[Event "Titled Tuesday Blitz May 9 Early 2023"]
[White "Taboas Rodriguez, Daniel"]
[Black "Al-Saffar, Araz Basim Mohammed S"]
[WhiteFideId "2208466"]
[BlackFideId "4801040"]
[WhiteElo "2365"]
[BlackElo "2304"]
[Result "1-0"]
[Round "02"]
[TimeControl "180+2"]
[Date "2023.05.09"]
[WhiteClock "0:01:00"]
[BlackClock "0:00:28"]

1. d4 Nf6 2. Nf3 e6 3. c4 c5 4. d5 exd5 5. cxd5 d6 6. e4 g6 7. h3 Bg7 8. Bd3 O-O 9. O-O b5 10. Re1 c4 11. Bc2 Re8 12. Nd4 Bd7 13. Bf4 Qb6 14. Be3 Qc7 15. Nc3 b4 16. Ncb5 Bxb5 17. Nxb5 Qd7 18. Ba4 Qd8 19. f3 Nbd7 20. Nxd6 Re7 21. Nxc4 Nb6 22. Na5 Nbxd5 23. Nc6 Nxe3 24. Qxd8+ Rxd8 25. Nxd8 Nc4 26. Nc6 Rc7 27. b3 Nb6 28. Rac1 Nxa4 29. bxa4 Bh6 30. Rc4 Kg7 31. Kf2 Nd7 32. Na5 Nc5 33. Kf1 Bd2 34. Rd1 Bc3 35. Rd5 Ne6 36. Rxc7 Nxc7 37. Rd7 Be5 38. Nc6 Bf4 39. Nxa7 Ne6 40. Nc6 Nc5 41. Rd5 Nxa4 42. Nxb4 Nc3 43. Ra5 Bd2 44. Ra8 h5 45. Nd5 Nb5 46. a4 Nd6 47. a5 1-0


[Site "https://www.chess.com"]

[Event "Titled Tuesday Blitz May 9 Early 2023"]
[White "Kirillov, Dmitry"]
[Black "Escanor89"]
[WhiteFideId "34180572"]
[WhiteElo "2161"]
[BlackElo "2556"]
[Result "1-0"]
[Round "02"]
[TimeControl "180+2"]
[Date "2023.05.09"]
[WhiteClock "0:00:50"]
[BlackClock "0:00:34"]

1. d4 Nf6 2. c4 g6 3. Nc3 Bg7 4. e4 d6 5. Be2 O-O 6. Bg5 Nc6 7. Nf3 Bg4 8. d5 Bxf3 9. Bxf3 Ne5 10. Be2 c6 11. O-O cxd5 12. exd5 Rc8 13. b3 Ned7 14. Rc1 a5 15. Be3 Nc5 16. h3 Nfe4 17. Nb5 Na6 18. Qc2 Nec5 19. a3 a4 20. b4 Nb3 21. Rcd1 Qd7 22. Qd3 Bb2 23. Qb1 Bxa3 24. Nxa3 1-0


[Site "https://www.chess.com"]

[Event "Titled Tuesday Blitz May 9 Early 2023"]
[White "Yelisieiev, Yevhenii"]
[Black "Mohammed, Zozek Salah Mohammed"]
[WhiteFideId "14139642"]
[BlackFideId "4803361"]
[WhiteElo "2403"]
[BlackElo "2211"]
[Result "1/2-1/2"]
[Round "02"]
[TimeControl "180+2"]
[Date "2023.05.09"]
[WhiteClock "0:00:20"]
[BlackClock "0:00:52"]

1. d4 d5 2. Nf3 Nf6 3. c4 c6 4. Nc3 e6 5. e3 Nbd7 6. Qc2 Bd6 7. b3 b6 8. Bd3 Bb7 9. O-O O-O 10. e4 dxe4 11. Nxe4 Nxe4 12. Bxe4 Nf6 13. Bg5 h6 14. Bh4 Be7 15. Bxf6 Bxf6 16. Rad1 Qc7 17. b4 Rad8 18. c5 Rd7 19. Rd2 Rfd8 20. Rfd1 bxc5 21. dxc5 Ba6 22. Rd5 1/2-1/2


[Site "https://www.chess.com"]

[Event "Titled Tuesday Blitz May 9 Early 2023"]
[White "Goffredo_Fofi"]
[Black "Fajdetic, Hrvoje"]
[BlackFideId "14501945"]
[WhiteElo "2536"]
[BlackElo "2185"]
[Result "1-0"]
[Round "02"]
[TimeControl "180+2"]
[Date "2023.05.09"]
[WhiteClock "0:01:26"]
[BlackClock "0:00:36"]

1. d4 e6 2. c4 f5 3. g3 Nf6 4. Bg2 Be7 5. Nf3 O-O 6. O-O d6 7. Nc3 Ne4 8. Bd2 Nxc3 9. Bxc3 Bf6 10. Qc2 Nc6 11. e4 Qe8 12. Rae1 Qh5 13. exf5 exf5 14. d5 Nd8 15. Bxf6 Rxf6 16. Re7 f4 17. Rfe1 Bg4 18. Re8+ Rf8 19. Rxf8+ Kxf8 20. Qe4 fxg3 21. fxg3 Nf7 22. Qe7+ Kg8 23. Qe8+ 1-0


[Site "https://www.chess.com"]

[Event "Titled Tuesday Blitz May 9 Early 2023"]
[White "The_Sherman_Variation"]
[Black "Hoffmann, Asa"]
[BlackFideId "2001470"]
[WhiteElo "2514"]
[BlackElo "2117"]
[Result "1/2-1/2"]
[Round "02"]
[TimeControl "180+2"]
[Date "2023.05.09"]
[WhiteClock "0:00:11"]
[BlackClock "0:00:16"]

1. e3 d6 2. b3 Nf6 3. Bb2 Nbd7 4. c4 e5 5. Nc3 g6 6. Qc2 Bg7 7. Nf3 O-O 8. Be2 Re8 9. O-O c6 10. Ne1 d5 11. f4 d4 12. Nd1 exf4 13. Bxd4 fxe3 14. Nxe3 Nb6 15. Qb2 Nh5 16. Bxg7 Nxg7 17. Nf3 Be6 18. Rad1 a5 19. h4 h6 20. d4 Nf5 21. Nxf5 Bxf5 22. Bd3 Bg4 23. Qf2 Bxf3 24. Qxf3 Qxd4+ 25. Rf2 Qg7 26. Rdf1 Rf8 27. h5 Rad8 28. Bb1 Nd7 29. Qe3 Ne5 30. Qb6 Rd7 31. hxg6 Nxg6 32. Qxa5 Qd4 33. Qh5 Kg7 34. Kh1 Qh4+ 35. Qxh4 Nxh4 36. Rf4 Ng6 37. Rf6 Rfd8 38. R6f5 Re7 39. Kh2 Rd2 40. Kg3 Re3+ 41. Kh2 Re7 42. R5f3 Ne5 43. Rg3+ Kf8 44. Rf6 h5 45. Bf5 Rxa2 46. Rh6 Ng6 47. Bxg6 fxg6 48. Rgxg6 Re3 49. Rxh5 Rxb3 50. Rh7 Rbb2 51. Kh3 Rf2 52. Rxb7 Rab2 53. Rxb2 Rxb2 54. Rxc6 Ke7 55. g4 Kd7 56. Rc5 Kd6 57. Rd5+ Ke6 58. Rd1 Rc2 59. Rd4 Ke5 60. Rd5+ Ke6 61. Rc5 Kd6 62. Rc8 Kd7 63. Rf8 Rxc4 64. Kh4 Ke7 65. Rf1 Rc8 66. Kh5 Rh8+ 67. Kg5 Rg8+ 68. Kh4 Rf8 69. Re1+ Kf7 70. g5 Kg7 71. Kg4 Rf7 72. Re6 Rd7 73. Kh5 Rc7 74. Rg6+ Kh7 75. Rh6+ Kg7 76. Ra6 Kh7 77. Rf6 Kg7 78. Rh6 Rd7 79. Rg6+ Kh7 80. Rf6 Kg7 81. Rf3 Rc7 82. Re3 Rb7 83. Re5 Rc7 84. Kg4 Rd7 85. Kf5 Rb7 86. Re6 Rc7 87. Rg6+ Kh7 88. Re6 Kg7 89. Re5 Rb7 90. Rd5 Rc7 91. Rd6 Rb7 92. Rd5 Rc7 93. g6 Rb7 94. Kg5 Rc7 95. Rf5 Rb7 96. Rc5 Ra7 97. Rb5 Rc7 98. Rd5 Rb7 1/2-1/2


[Site "https://www.chess.com"]

[Event "Titled Tuesday Blitz May 9 Early 2023"]
[White "Ardila, Oscar Humberto"]
[Black "Thorhallsson, Simon"]
[WhiteFideId "4404742"]
[BlackFideId "2310090"]
[WhiteElo "1918"]
[BlackElo "2108"]
[Result "0-1"]
[Round "02"]
[TimeControl "180+2"]
[Date "2023.05.09"]
[WhiteClock "0:00:51"]
[BlackClock "0:00:11"]

1. d4 Nf6 2. c4 g6 3. Nc3 Bg7 4. Nf3 O-O 5. e3 c5 6. Be2 cxd4 7. Nxd4 d5 8. O-O dxc4 9. Bxc4 a6 10. h3 b5 11. Be2 Bb7 12. Bf3 Qb6 13. a4 b4 14. Na2 Rd8 15. Bxb7 Qxb7 16. Qf3 Qxf3 17. Nxf3 Nc6 18. Bd2 a5 19. Rac1 Rac8 20. Rc4 Nd7 21. b3 Nde5 22. Nxe5 Nxe5 23. Rxc8 Rxc8 24. Rc1 Rxc1+ 25. Nxc1 Nd7 26. Kf1 Nc5 27. Ke2 Kf8 28. Kd1 Ke8 29. Kc2 Kd7 30. f3 Kc6 31. e4 Ne6 32. Kd3 Nc5+ 33. Kc4 Nb7 34. Bf4 e5 35. Bg5 Nd6+ 36. Kd3 f5 37. Bd8 fxe4+ 38. fxe4 Nb7 39. Be7 Kd7 40. Bg5 Kc6 41. Be3 Bf8 42. Kc4 Bc5 43. Bg5 Nd6+ 44. Kd3 Bd4 45. Ne2 Bb6 46. Bf6 Nb7 47. Be7 Bc5 48. Bf6 Bd6 49. Kc4 Nc5 50. Ng3 Nd7 51. Bg7 Nb6+ 52. Kd3 Nd7 53. Nf1 Nc5+ 54. Kc4 Nxe4 55. Ne3 Nd2+ 56. Kd3 Nxb3 57. Nc4 Nc5+ 58. Ke3 Bc7 59. Bxe5 Bxe5 60. Nxe5+ Kd5 61. Nf3 Nxa4 62. Kd3 Nc5+ 63. Kc2 a4 64. g4 a3 65. Nd2 Kd4 66. h4 b3+ 67. Nxb3+ Nxb3 68. Kxb3 Ke4 69. h5 g5 70. Kxa3 Kf4 71. Kb3 Kxg4 72. Kc3 Kxh5 0-1


[Site "https://www.chess.com"]

[Event "Titled Tuesday Blitz May 9 Early 2023"]
[White "Manon-og, Ramon Jr."]
[Black "Petrovic, Aleksa"]
[WhiteFideId "5200776"]
[BlackFideId "967629"]
[WhiteElo "2336"]
[BlackElo "2309"]
[Result "0-1"]
[Round "02"]
[TimeControl "180+2"]
[Date "2023.05.09"]
[WhiteClock "0:00:07"]
[BlackClock "0:01:24"]

1. e4 d5 2. exd5 Qxd5 3. Nc3 Qe5+ 4. Be2 Bg4 5. d4 Bxe2 6. Ngxe2 Qa5 7. O-O c6 8. Nf4 e6 9. Re1 Be7 10. a3 Nf6 11. Qd3 Nbd7 12. b4 Qc7 13. h3 h6 14. Be3 Nd5 15. Ncxd5 cxd5 16. Nxe6 fxe6 17. Qg6+ Kf8 18. Qxe6 Nf6 19. Bf4 Qd7 20. Qe3 Re8 21. Be5 Kf7 22. Qg3 Qf5 23. c3 Rhg8 24. Re3 Ne4 25. Qf3 Qxf3 26. gxf3 Ng5 27. Kg2 Ne6 28. Rae1 Bg5 29. R3e2 Nf4+ 30. Bxf4 Bxf4 0-1


[Site "https://www.chess.com"]

[Event "Titled Tuesday Blitz May 9 Early 2023"]
[White "Chernomordik, Pavel"]
[Black "Balint, Vilmos"]
[WhiteFideId "2804530"]
[BlackFideId "718050"]
[WhiteElo "2193"]
[BlackElo "2034"]
[Result "1-0"]
[Round "02"]
[TimeControl "180+2"]
[Date "2023.05.09"]
[WhiteClock "0:01:17"]
[BlackClock "0:01:39"]

1. e4 e6 2. Nc3 d5 3. d4 Bb4 4. Ne2 dxe4 5. a3 Bxc3+ 6. Nxc3 Nf6 7. Bg5 Nc6 8. Bb5 Bd7 9. Nxe4 Ne7 10. Bxf6 Bxb5 11. Bxg7 Nf5 12. Bxh8 Qh4 13. g4 Ne3 14. Qf3 Nxc2+ 15. Kd2 Nxd4 16. Bxd4 O-O-O 17. Kc3 f5 18. Bf6 Rd3+ 19. Qxd3 Bxd3 20. Bxh4 1-0


[Site "https://www.chess.com"]

[Event "Titled Tuesday Blitz May 9 Early 2023"]
[White "Rengifo Blancas, Renzo Jhonathan"]
[Black "Avalos Parra, Joao"]
[WhiteFideId "3807185"]
[BlackFideId "3402541"]
[WhiteElo "2085"]
[BlackElo "2173"]
[Result "1-0"]
[Round "02"]
[TimeControl "180+2"]
[Date "2023.05.09"]
[WhiteClock "0:00:44"]
[BlackClock "0:00:07"]

1. e4 e5 2. Nf3 Nc6 3. d4 exd4 4. Bc4 Nf6 5. e5 d5 6. Bb5 Ne4 7. Nxd4 Bd7 8. Bxc6 bxc6 9. Nc3 Qe7 10. Bf4 Qh4 11. Bg3 Nxg3 12. fxg3 Qg5 13. O-O Bc5 14. Kh1 O-O 15. Nf3 Qe7 16. Qd3 Rab8 17. b3 Bg4 18. Rae1 Bh5 19. Nd4 Bg6 20. Nxc6 Qe6 21. Qxd5 Qxd5 22. Nxd5 Rbe8 23. b4 Bb6 24. Nce7+ Kh8 25. Nxg6+ hxg6 26. c4 Bd4 27. Nxc7 Rc8 28. Nb5 Rxc4 29. Rf4 Bc3 30. Nxc3 Rxc3 31. e6 f6 32. e7 Re8 33. Rd4 Kg8 34. Rd7 Kf7 35. Rxa7 Rc2 36. a3 Ra2 37. h3 g5 38. b5 f5 39. b6 g6 40. b7 Rb2 41. a4 Rb6 42. a5 Rb2 43. a6 g4 44. Ra8 gxh3 45. gxh3 Ra2 1-0


[Site "https://www.chess.com"]

[Event "Titled Tuesday Blitz May 9 Early 2023"]
[White "Szente Varga, Fruzsina"]
[Black "Bilan, Danila"]
[WhiteFideId "712264"]
[BlackFideId "24161918"]
[WhiteElo "1994"]
[BlackElo "2182"]
[Result "0-1"]
[Round "02"]
[TimeControl "180+2"]
[Date "2023.05.09"]
[WhiteClock "0:00:09"]
[BlackClock "0:00:05"]

1. e4 c6 2. d4 d5 3. e5 c5 4. c3 Nc6 5. f4 Qb6 6. dxc5 Qxc5 7. Qd3 g6 8. Be3 Qa5 9. Be2 Bf5 10. Qd2 Nh6 11. Na3 Ng4 12. Bxg4 Bxg4 13. h3 Bf5 14. Nf3 a6 15. O-O Bg7 16. Nc2 O-O 17. Ncd4 Be4 18. Ng5 Rfd8 19. Nxe4 dxe4 20. Qc2 Nxd4 21. Bxd4 Rac8 22. Qe2 Qd5 23. Rfe1 b5 24. Qxe4 Qe6 25. a3 Rd5 26. a4 Rcd8 27. axb5 axb5 28. Rad1 Qd7 29. Qe2 e6 30. Rd3 b4 31. Red1 Bf8 32. Qd2 Qb5 33. Kh2 h5 34. Qe3 bxc3 35. bxc3 Bc5 36. R3d2 Qc4 37. Bxc5 Rxd2 38. Rxd2 Rxd2 39. Qxd2 Qxc5 40. Qd4 Qa3 41. c4 h4 42. Qf2 Qd3 43. c5 Qc4 44. Qe3 Kh7 45. g3 hxg3+ 46. Kxg3 Kg7 47. Kf3 Qd5+ 48. Kg4 Qg2+ 49. Qg3 Qe2+ 50. Kh4 Qc2 51. Qg1 Kh6 52. Kg3 Qc3+ 53. Kg4 Qc2 54. Qe1 Qg2+ 55. Kh4 g5+ 56. fxg5+ Qxg5# 0-1


[Site "https://www.chess.com"]

[Event "Titled Tuesday Blitz May 9 Early 2023"]
[White "Bambino Filho, Antonio Carlos"]
[Black "Ankudinova, Yelena"]
[WhiteFideId "2113163"]
[BlackFideId "13702114"]
[WhiteElo "2503"]
[BlackElo "1937"]
[Result "1-0"]
[Round "02"]
[TimeControl "180+2"]
[Date "2023.05.09"]
[WhiteClock "0:00:22"]
[BlackClock "0:00:00"]

1. d4 d5 2. c4 dxc4 3. Nf3 Nf6 4. e3 a6 5. Bxc4 e6 6. O-O c5 7. b3 Nc6 8. Bb2 Be7 9. Qe2 b5 10. Bd3 O-O 11. Rd1 Qb6 12. dxc5 Bxc5 13. Nc3 Nb4 14. Bb1 Bb7 15. a3 Nbd5 16. b4 Be7 17. Nxd5 Bxd5 18. e4 Bc4 19. Bd3 Rac8 20. Ne5 Bxd3 21. Rxd3 Rfd8 22. Rad1 Rxd3 23. Rxd3 h6 24. h3 a5 25. bxa5 Qxa5 26. Ng4 Nxg4 27. Qxg4 Bf8 28. Kh2 b4 29. axb4 Qxb4 30. Be5 Qb1 31. Rf3 Rc1 32. Qf4 f6 33. Bc3 Qb6 34. Rg3 Rxc3 35. e5 Rxg3 36. Qxg3 fxe5 37. Qg4 Qd6 38. Qe4 Be7 39. Qa8+ Kh7 40. Qe4+ Kg8 41. Qb7 Kf7 42. g3 e4 43. Qxe4 Qd2 44. Qf3+ Ke8 45. Kg1 Bf6 46. Qa8+ Kf7 47. Qb7+ Kg6 48. Qe4+ Kf7 49. Qb7+ Be7 50. Qf3+ Ke8 51. Qa8+ Kd7 52. Qb7+ Kd6 53. Qb8+ Kc6 54. Qc8+ 1-0


[Site "https://www.chess.com"]

[Event "Titled Tuesday Blitz May 9 Early 2023"]
[White "Jovic, Stanoje"]
[Black "De Souza, Cristiano Gomes"]
[WhiteFideId "905020"]
[BlackFideId "2151758"]
[WhiteElo "2236"]
[BlackElo "2068"]
[Result "1-0"]
[Round "02"]
[TimeControl "180+2"]
[Date "2023.05.09"]
[WhiteClock "0:00:31"]
[BlackClock "0:00:51"]

1. c4 Nf6 2. g3 g6 3. Bg2 Bg7 4. Nc3 O-O 5. Nf3 d6 6. O-O c5 7. d4 Nbd7 8. e4 b6 9. h3 Ba6 10. b3 Qc8 11. Bb2 cxd4 12. Nxd4 Bb7 13. Rc1 Nc5 14. Nd5 Re8 15. Re1 e6 16. Nxf6+ Bxf6 17. Rc2 Rd8 18. Nb5 Bxb2 19. Rxb2 Qd7 20. Rd2 Qe7 21. Nxd6 Bc6 22. e5 Bxg2 23. Kxg2 Rd7 24. b4 Na6 25. a3 Rad8 26. Qf3 Nc7 27. Rc2 Ne8 28. c5 bxc5 29. bxc5 Nc7 30. c6 Rxd6 31. exd6 Rxd6 32. Rb1 Qd8 33. Rcb2 Kg7 34. Rb8 Qf6 35. Qxf6+ Kxf6 36. Rc1 Ke7 37. Rb7 Kd8 38. Rxa7 Nd5 39. Rxf7 1-0


[Site "https://www.chess.com"]

[Event "Titled Tuesday Blitz May 9 Early 2023"]
[White "Jaskolka, Tomasz"]
[Black "Zampronha, Wladimir Camilo"]
[WhiteFideId "1170791"]
[BlackFideId "2103087"]
[WhiteElo "2155"]
[BlackElo "2176"]
[Result "1-0"]
[Round "02"]
[TimeControl "180+2"]
[Date "2023.05.09"]
[WhiteClock "0:00:05"]
[BlackClock "0:00:04"]

1. d4 Nf6 2. Nc3 d5 3. Bf4 a6 4. e3 e6 5. Nf3 c5 6. Ne5 Nc6 7. Be2 Bd6 8. Nxc6 bxc6 9. Bxd6 Qxd6 10. dxc5 Qxc5 11. Qd4 Qd6 12. Na4 Rb8 13. O-O Rb4 14. Qc5 Qxc5 15. Nxc5 Rxb2 16. Bd3 Nd7 17. Nxa6 Bxa6 18. Bxa6 Rxc2 19. Rfc1 Rxc1+ 20. Rxc1 Nb8 21. Bb7 Kd7 22. a4 Kc7 23. Rb1 Nd7 24. a5 Nc5 25. a6 Nxb7 26. Rxb7+ Kd6 27. a7 Ra8 28. Rxf7 g5 29. Rxh7 c5 30. g3 c4 31. Kf1 e5 32. h4 gxh4 33. gxh4 d4 34. exd4 exd4 35. Ke2 Kc5 36. h5 Kb4 37. h6 Kc3 38. Rd7 d3+ 39. Kd1 Rg8 40. Rg7 Rf8 41. h7 Rxf2 42. Ke1 Rh2 43. Rg2 Rxg2 44. h8=Q+ Kc2 45. Qh7 Kc1 46. a8=Q d2+ 47. Kf1 d1=Q+ 48. Kxg2 Qe2+ 49. Kg3 Qe5+ 50. Kg4 Qe2+ 51. Qf3 Qe6+ 52. Qhf5 Qg8+ 53. Qg5+ 1-0


[Site "https://www.chess.com"]

[Event "Titled Tuesday Blitz May 9 Early 2023"]
[White "Shuvalov, Evgenij"]
[Black "Zhou, Qiyu"]
[WhiteFideId "4187237"]
[BlackFideId "505161"]
[WhiteElo "2080"]
[BlackElo "2101"]
[Result "1-0"]
[Round "02"]
[TimeControl "180+2"]
[Date "2023.05.09"]
[WhiteClock "0:01:16"]
[BlackClock "0:00:43"]

1. d4 Nf6 2. c4 e6 3. Nc3 Bb4 4. f3 d5 5. a3 Bxc3+ 6. bxc3 O-O 7. cxd5 exd5 8. e3 Re8 9. Bd3 Nbd7 10. Ne2 c5 11. O-O b6 12. Ng3 Bb7 13. Ra2 Nf8 14. Re2 Ne6 15. Ree1 Rc8 16. Bb2 Qd7 17. Bf5 Qb5 18. Rf2 Rcd8 19. Bc2 Kh8 20. Ba4 Qa5 21. Bxe8 Rxe8 22. e4 dxe4 23. fxe4 cxd4 24. cxd4 Nc7 25. d5 Ng8 26. Rxf7 1-0


[Site "https://www.chess.com"]

[Event "Titled Tuesday Blitz May 9 Early 2023"]
[White "Degenbaev, Aziz"]
[Black "Brueckner, Thomas"]
[WhiteFideId "13802640"]
[BlackFideId "4600452"]
[WhiteElo "2152"]
[BlackElo "2322"]
[Result "0-1"]
[Round "02"]
[TimeControl "180+2"]
[Date "2023.05.09"]
[WhiteClock "0:01:26"]
[BlackClock "0:01:05"]

1. e4 e5 2. Nf3 Nc6 3. d4 exd4 4. Nxd4 Nf6 5. Nxc6 bxc6 6. e5 Qe7 7. Qe2 Nd5 8. h4 Qe6 9. g3 d6 10. c4 Nb6 11. exd6 Bxd6 12. Qxe6+ Bxe6 13. Bg2 O-O-O 14. Nd2 Nxc4 15. Bxc6 Bb4 16. O-O Bxd2 17. Bxd2 Rxd2 18. b3 Ne5 19. Bg2 Rhd8 20. Rac1 Bd5 21. f3 Bb7 22. Rc5 f6 23. Rfc1 Rd1+ 24. Kf2 Rxc1 25. Rxc1 Rd2+ 26. Kg1 Bxf3 27. Bh3+ Kb8 28. Rc5 Bb7 29. h5 Nf3+ 30. Kf1 Ba6+ 31. Rc4 Bxc4+ 32. bxc4 Rxa2 0-1


[Site "https://www.chess.com"]

[Event "Titled Tuesday Blitz May 9 Early 2023"]
[White "Vaglio Munoz, Jaime"]
[Black "Hirneise, Jens"]
[WhiteFideId "6500145"]
[BlackFideId "24614734"]
[WhiteElo "2199"]
[BlackElo "2345"]
[Result "0-1"]
[Round "02"]
[TimeControl "180+2"]
[Date "2023.05.09"]
[WhiteClock "0:00:35"]
[BlackClock "0:00:39"]

1. d4 Nf6 2. b3 c5 3. d5 e6 4. dxe6 fxe6 5. Bb2 d5 6. Nf3 Bd6 7. e3 O-O 8. Bd3 Nc6 9. Nbd2 e5 10. e4 d4 11. a4 Qe8 12. h3 Nh5 13. Nc4 Bc7 14. Bc1 Nf4 15. Bxf4 Rxf4 16. a5 Be6 17. g3 Rf6 18. Ng5 Bd7 19. Nd2 h6 20. Bc4+ Kh8 21. h4 Bxa5 22. Bd5 Bc3 23. Kf1 Bxa1 24. Qxa1 Qh5 25. Kg2 Raf8 26. f3 Nb4 27. Nc4 Nxd5 28. exd5 e4 29. f4 Qe2+ 30. Kg1 Rxf4 31. gxf4 Rxf4 32. Rh2 Qg4+ 33. Rg2 Qxh4 34. Ne6 Rg4 35. Qxa7 Qe1+ 36. Kh2 Rh4# 0-1


[Site "https://www.chess.com"]

[Event "Titled Tuesday Blitz May 9 Early 2023"]
[White "Mayaud, Raphael"]
[Black "Staudenhocker43"]
[WhiteFideId "627151"]
[WhiteElo "2191"]
[BlackElo "2491"]
[Result "1/2-1/2"]
[Round "02"]
[TimeControl "180+2"]
[Date "2023.05.09"]
[WhiteClock "0:02:10"]
[BlackClock "0:01:59"]

1. d4 d5 2. c4 c6 3. Nf3 Nf6 4. g3 Bg4 5. Bg2 e6 6. Qb3 Qb6 7. c5 Qxb3 8. axb3 Na6 9. O-O Nb4 10. Rd1 Bf5 11. Na3 Nc2 12. Ra2 Nb4 13. Ra1 Nc2 14. Ra2 Nb4 15. Ra1 1/2-1/2


[Site "https://www.chess.com"]

[Event "Titled Tuesday Blitz May 9 Early 2023"]
[White "Shukhman, Anna"]
[Black "Mike24147"]
[WhiteFideId "54180058"]
[WhiteElo "2235"]
[BlackElo "2299"]
[Result "0-1"]
[Round "02"]
[TimeControl "180+2"]
[Date "2023.05.09"]
[WhiteClock "0:00:20"]
[BlackClock "0:00:16"]

1. e4 c5 2. Nf3 e6 3. d4 cxd4 4. Nxd4 Nf6 5. Nc3 Nc6 6. Nxc6 bxc6 7. e5 Nd5 8. Ne4 Qc7 9. f4 Qb6 10. c4 Bb4+ 11. Ke2 f5 12. exf6 Nxf6 13. Be3 Qc7 14. Nxf6+ gxf6 15. c5 d6 16. Kf2 Bxc5 17. Bxc5 dxc5 18. Qh5+ Ke7 19. Qxc5+ Qd6 20. Rc1 Qxc5+ 21. Rxc5 Rb8 22. b3 Kd6 23. Ra5 a6 24. Bc4 Re8 25. Rd1+ Kc7 26. Rh5 Re7 27. Bd3 e5 28. fxe5 Bg4 29. exf6 Bxh5 30. g4 Bxg4 31. Rg1 Rd7 32. Be4 Be6 33. Ke3 Rf8 34. Rf1 Bd5 35. Bd3 Rdf7 36. Kd4 Rxf6 37. Rg1 R8f7 38. Kc5 Rf3 39. Bxa6 Rc3+ 40. Kd4 Rc2 41. Bd3 Rxa2 42. b4 Rxh2 43. Kc5 Rh3 44. Be2 Rc3+ 45. Kd4 Rc2 46. Ra1 Rxe2 47. Ra7+ Kb6 48. Ra8 Re4+ 49. Kd3 Rxb4 50. Rb8+ Kc5 51. Re8 Rf3+ 52. Kc2 Rg4 53. Re2 Rh3 54. Rf2 Rg2 55. Rxg2 Bxg2 56. Kd2 Bd5 57. Ke2 h5 58. Kf2 Rf3+ 59. Kg1 h4 60. Kh2 Ra3 61. Kg1 Ra2 62. Kf1 h3 63. Ke1 h2 64. Kd1 h1=Q# 0-1


[Site "https://www.chess.com"]

[Event "Titled Tuesday Blitz May 9 Early 2023"]
[White "Vifleemskaia, Svetlana"]
[Black "Korelskiy, Egor"]
[WhiteFideId "4129490"]
[BlackFideId "34329064"]
[WhiteElo "1930"]
[BlackElo "2156"]
[Result "1-0"]
[Round "02"]
[TimeControl "180+2"]
[Date "2023.05.09"]
[WhiteClock "0:00:37"]
[BlackClock "0:01:37"]

1. d4 d5 2. c4 e6 3. Nc3 c6 4. cxd5 exd5 5. Qc2 Nf6 6. Nf3 g6 7. e4 dxe4 8. Nxe4 Qe7 9. Nd2 Bg7 10. Bc4 O-O 11. O-O Nxe4 12. Nxe4 Bf5 13. Bd3 Bxd4 14. Bg5 f6 15. Bh6 Re8 16. Rfe1 Nd7 17. Qc4+ Kh8 18. Qxd4 Rad8 19. Qc3 Ne5 20. Bc2 Qf7 21. Bf4 Nd7 22. Rad1 Qf8 23. h3 h5 24. Nd6 Rxe1+ 25. Rxe1 Kh7 26. Nxf5 gxf5 27. Bxf5+ Kg7 28. Qg3+ Kh8 29. Qg6 Qg7 30. Qxh5+ Kg8 31. Be6+ Kf8 32. Bh6 Ne5 33. Rxe5 Rd1+ 34. Kh2 fxe5 35. Qf7# 1-0


[Site "https://www.chess.com"]